[Event "13th Palmanova Festival A 2024"]
[Site "Palmanova"]
[Date "2024.12.29"]
[Round "4.1"]
[White "Zamengo, Fulvio"]
[Black "Martinovici, Ilia"]
[Result "0-1"]
[ECO "B90"]
[WhiteElo "2348"]
[BlackElo "2473"]
[Annotator "TA"]
[PlyCount "44"]
[EventDate "2024.12.27"]
[EventCountry "ITA"]
[SourceTitle "playchess.com"]
[Source "ChessBase"]
[SourceQuality "1"]
[TimeControl "6000+30"]

1. e4 c5 2. Nf3 d6 3. d4 cxd4 4. Nxd4 Nf6 5. Nc3 a6 6. h3 e5 7. Nf3 Be7 8. g4 Be6 9. g5 Nfd7 10. Be3 Nc6 11. h4 Rc8 12. Qd2 Na5 13. b3 Nc6 14. Bh3 Nb4 {[%emt 0:03:31] With the idea ...Qc7.} 15. Ng1 Nc5 {[%emt 0:17:07][%cal Oc5e4] White must now prevent ...Nxe4!.} 16. f3 {[%emt 0:08:01] [#]} h6 $1 17. a3 (17. gxh6 Bxh4+) 17... Qa5 (17... Nbd3+ $15 18. Kf1 (18. cxd3 Nxb3 19. Qb2 Nxa1 $11) 18... Nf4 19. Bxf4 exf4) 18. Rc1 $2 {[%emt 0:03:02][%mdl 8192] [#]} (18. Nge2 $1 $14 {keeps the upper hand.}) 18... Nbd3+ $1 $19 ({Not} 18... Qxa3 19. Kf1 $15) 19. Kd1 (19. cxd3 $142 Nxb3 20. gxh6 (20. Bxe6 $2 fxe6 21. Qa2 Nxc1 $19) 20... gxh6 (20... Nxd2 $2 21. hxg7 Rg8 22. Bxd2 $19) (20... Bxh4+ $2 21. Ke2 $19) 21. Qb2 (21. Bxe6 $2 fxe6 22. Qa2 Nxc1 $19) 21... Nxc1 22. Bxc1 Bxh4+ (22... Qxc3+ $2 23. Qxc3 Rxc3 24. Kd2 $19) (22... Rxc3 $2 23. Bd2 $19) 23. Ke2 Qxc3 (23... Rxc3 $2 24. Bd2 $19) 24. Qxc3 Rxc3 25. Bd2) 19... Nxb3 20. Bxe6 fxe6 21. cxb3 Nxc1 22. Nb1 Nxb3 (22... Qb5 $142 23. Ke1 Qxb3) 0-1

[Event "13th Palmanova Festival A 2024"]
[Site "Palmanova"]
[Date "2024.12.29"]
[Round "4.2"]
[White "Cina`, Vittorio"]
[Black "Lumachi, Gabriele"]
[Result "1/2-1/2"]
[ECO "D37"]
[WhiteElo "2325"]
[BlackElo "2438"]
[Annotator "TA"]
[PlyCount "95"]
[EventDate "2024.12.27"]
[EventCountry "ITA"]
[SourceTitle "playchess.com"]
[Source "ChessBase"]
[SourceQuality "1"]
[TimeControl "6000+30"]

1. d4 d5 2. c4 e6 3. Nf3 h6 4. Nc3 Nf6 5. Bf4 Bd6 6. Bxd6 Qxd6 7. e3 O-O 8. Bd3 dxc4 9. Bxc4 c5 10. O-O Nc6 11. Nb5 Qe7 12. dxc5 Rd8 {[%emt 0:05:16] Against Qd6} 13. Qe2 Ne4 14. Nbd4 e5 (14... Bd7 $11) 15. Nxc6 $16 bxc6 16. Qc2 Nxc5 17. b4 Nb7 18. Qe4 {[%emt 0:09:30][%csl LRc6,LRe5] Prevents Bg4.} Nd6 19. Qxe5 {[%emt 0:00:36] White is more active.} Qxe5 20. Nxe5 Nxc4 21. Nxc4 Ba6 22. Rfc1 Bxc4 23. Rxc4 {[%emt 0:00:07][%mdl 4096] Endgame KRR-KRR. White is a pawn up.} a5 24. bxa5 (24. Rxc6 axb4 25. g3 Rd2 $11 (25... b3 26. a4 $11)) 24... Rxa5 25. a4 ({Much less strong is} 25. Rxc6 Rxa2 26. Rb1 Rd5 $14) 25... c5 26. g3 Rb8 27. Rac1 g6 28. Rxc5 Rxa4 29. Rd5 Rab4 30. Kg2 h5 31. h4 Kg7 32. Rd4 (32. Rc7 $16) 32... Rb1 (32... Rxd4 $11 33. exd4 Rb3) 33. Rcc4 R8b7 34. Rf4 R1b6 35. Kf3 Rf6 36. Rxf6 Kxf6 {[%emt 0:00:05] KR-KR. White is a pawn up.} 37. Kf4 Rb2 38. Rc6+ Ke7 39. f3 Rf2 40. e4 Rf1 41. Rc3 {[%emt 0:01:47] and Kg5 would now be decisive} Rg1 42. Rc2 Ke6 43. Rh2 Rf1 44. Ke3 ({Better is} 44. Ra2 $16) 44... Rg1 $11 45. Kf2 Ra1 46. Ke3 Rg1 $1 47. Rh3 Ke5 48. f4+ 1/2-1/2

[Event "13th Palmanova Festival A 2024"]
[Site "Palmanova"]
[Date "2024.12.29"]
[Round "4.3"]
[White "Di Benedetto, Edoardo"]
[Black "Savanovic, Aleksandar"]
[Result "1/2-1/2"]
[ECO "E06"]
[WhiteElo "2411"]
[BlackElo "2354"]
[Annotator "TA"]
[PlyCount "30"]
[EventDate "2024.12.27"]
[EventCountry "ITA"]
[SourceTitle "playchess.com"]
[Source "ChessBase"]
[SourceQuality "1"]
[TimeControl "6000+30"]

1. d4 Nf6 2. c4 e6 3. Nf3 d5 4. g3 Be7 5. Bg2 O-O 6. Nc3 dxc4 7. Ne5 Nc6 8. Bxc6 ({Don't play} 8. Nxc4 Qxd4 (8... Nxd4 9. Bf4 $11) 9. Qb3 Qc5 $17) 8... bxc6 9. Nxc6 {[%emt 0:00:06] A dynamic duo of knights.} Qe8 10. Nxe7+ Qxe7 11. Qa4 Nd5 12. Qxc4 a5 13. Qc5 Qxc5 14. dxc5 Nxc3 15. bxc3 e5 1/2-1/2

[Event "13th Palmanova Festival A 2024"]
[Site "Palmanova"]
[Date "2024.12.29"]
[Round "4.4"]
[White "Dobrovoljc, Vid"]
[Black "Sepehrkhoui, Ardeshir"]
[Result "1-0"]
[ECO "E06"]
[WhiteElo "2365"]
[BlackElo "2266"]
[Annotator "TA"]
[PlyCount "55"]
[EventDate "2024.12.27"]
[EventCountry "ITA"]
[SourceTitle "playchess.com"]
[Source "ChessBase"]
[SourceQuality "1"]
[TimeControl "6000+30"]

1. c4 e6 2. Nf3 Nf6 3. g3 d5 4. Bg2 Be7 5. O-O O-O 6. d4 a5 7. Qc2 c6 8. Nbd2 b6 9. e4 Ba6 10. Re1 Nbd7 11. e5 Ne8 12. cxd5 cxd5 13. Nf1 Rc8 14. Qd1 b5 15. h4 Qb6 16. h5 $36 {[%emt 0:12:33][%mdl 2048] White has the initiative.} b4 17. h6 g6 18. Bg5 Bxg5 19. Nxg5 Rc4 {[%emt 0:07:32] [#]} 20. Nf3 $1 {[%emt 0:01:42] White is more active.} f5 21. exf6 Nexf6 22. Ne3 Rcc8 23. Ng5 {[%emt 0:00:40] Inhibits Ne4.} Rc6 (23... Rce8 $16 {keeps fighting.} 24. Rc1 Bb5) 24. Qd2 Re8 $2 (24... Rd6 $16 25. Rad1 Re8) 25. Rad1 $2 (25. Nxd5 $18 Nxd5 26. Bxd5) 25... Qc7 $2 {[%emt 0:01:24] [#]} (25... Rd6 $16 26. a3 Rf8 27. axb4 axb4) 26. Nxd5 $1 $18 exd5 (26... Nxd5 27. Bxd5) 27. Rxe8+ Nxe8 28. Bxd5+ 1-0

[Event "13th Palmanova Festival A 2024"]
[Site "Palmanova"]
[Date "2024.12.29"]
[Round "4.5"]
[White "Knudsen, Simon"]
[Black "Bettalli, Francesco"]
[Result "0-1"]
[ECO "B57"]
[WhiteElo "2303"]
[BlackElo "2359"]
[Annotator "TA"]
[PlyCount "100"]
[EventDate "2024.12.27"]
[EventCountry "ITA"]
[SourceTitle "playchess.com"]
[Source "ChessBase"]
[SourceQuality "1"]
[TimeControl "6000+30"]

1. e4 c5 2. Nf3 Nc6 3. Nc3 d6 4. d4 cxd4 5. Nxd4 Nf6 6. Bc4 Bd7 7. O-O a6 8. a3 g6 9. Nxc6 Bxc6 {[%emt 0:00:44] The position is equal.} 10. Re1 Bg7 11. e5 (11. Bg5 $11) 11... dxe5 $17 12. Qxd8+ Rxd8 13. Rxe5 {[%emt 0:00:31] [#]} (13. f3 $17) 13... Ne4 $1 $19 14. Rxe4 Bxc3 15. Re3 Rd1+ 16. Bf1 Bb5 $2 {[%emt 0:00:11] White is weak on the light squares} (16... Bd2 $1 $19 17. Bxd2 Rxa1) 17. Rxe7+ $11 Kd8 (17... Kxe7 18. Bg5+ f6 19. Rxd1 $15) 18. Bg5 $1 Rxa1 19. Re1+ Kc8 20. Rxa1 Bxb2 21. Rb1 Bxf1 22. Rxb2 {[%emt 0:00:23][%mdl 4096] Endgame. KRB-KRB} Bc4 23. c3 Re8 24. Be3 Kc7 25. h3 Re7 26. Rd2 Bb5 27. Rd4 Rd7 28. g4 Rxd4 29. Bxd4 $15 {[%emt 0:02:28] KB-KB} Kd6 30. Kg2 Kd5 31. Kf3 Kc4 32. Kf4 Kb3 33. Bc5 Kxc3 34. Ke5 Bf1 35. h4 Be2 36. g5 b5 37. Kf6 Bc4 {[%emt 0:01:10] ...a5 is the strong threat.} 38. Kg7 ({White should try} 38. Bb4+ $15 Kd3 39. Kg7) 38... a5 $17 {[%emt 0:01:30] Hoping for ...b4.} 39. Kxh7 $2 {[%emt 0:00:07][%mdl 8192] This move loses the game for White.} (39. Bb6 $17) 39... b4 $1 $19 40. axb4 axb4 41. Kg7 b3 {[%emt 0:01:03] And now ...b2 would win.} 42. Ba3 b2 $1 43. Bxb2+ Kxb2 {[%emt 0:00:03] KB-K3P} 44. f4 Kc2 45. Kf6 (45. f5 $19 gxf5 46. h5) 45... Kd2 $1 {[%emt 0:01:23] Black mates.} ({Weaker is} 45... Be6 46. f5 Bxf5 47. h5 gxh5 48. Kxf5 $11) 46. f5 {[%emt 0:01:41] [#]} Bd3 $1 47. fxg6 Bxg6 48. Kg7 Ke3 49. Kh6 Kf4 50. h5 {[%emt 0:00:07] [#]} Kf5 $1 {[%emt 0:00:08] Weighted Error Value: White=0.45/Black=0.07 (flawless) .  Loses game:     	White=1     	---        Missed win:     	---       	Black=1      Mistake:       	White=3     	---        Inaccurate:     	White=1     	---        OK:         	White=15    	Black=16     Best:        	White=3     	Black=3      Strong:       	White=1     	Black=2      Brilliant:      	---       	Black=1} 0-1

[Event "13th Palmanova Festival A 2024"]
[Site "Palmanova"]
[Date "2024.12.29"]
[Round "4.6"]
[White "Pegno, Mattia"]
[Black "Marn, Jan"]
[Result "1-0"]
[ECO "D87"]
[WhiteElo "2243"]
[BlackElo "2400"]
[Annotator "TA"]
[PlyCount "125"]
[EventDate "2024.12.27"]
[EventCountry "ITA"]
[SourceTitle "playchess.com"]
[Source "ChessBase"]
[SourceQuality "1"]
[TimeControl "6000+30"]

1. d4 Nf6 2. c4 g6 3. Nc3 d5 4. cxd5 Nxd5 5. e4 Nxc3 6. bxc3 Bg7 7. Bc4 c5 8. Ne2 Nc6 9. Be3 O-O 10. O-O Bg4 11. f3 Bd7 12. Qd2 Qa5 13. d5 Ne5 14. Bb3 Bb5 15. Rfc1 Nc4 16. Bxc4 Bxc4 17. Nf4 Rad8 18. Nd3 b6 (18... Bxd3 $11 19. Qxd3 e6) 19. Nb2 Ba6 20. Qc2 (20. Bh6 $11) 20... e6 (20... Rfe8 $15) 21. dxe6 $1 $11 fxe6 22. Qb3 $1 Rfe8 23. a4 Bd3 24. Ra2 h6 25. Kf2 Kh7 26. Nxd3 (26. c4 Qb4 27. Qxb4 cxb4 28. Nxd3 Rxd3 $17) 26... Rxd3 27. Qb5 Qxb5 28. axb5 Re7 29. c4 Red7 30. Ke2 Bc3 (30... g5 $11) 31. Rcc2 $14 (31. Rxa7 $2 Rxe3+ 32. Kxe3 Bd4+ (32... Rxa7 $2 33. Rxc3 Ra2 34. Rd3 $18) 33. Kf4 Rxa7 $19) 31... Bb4 32. Bd2 (32. Ra4 {with more complications.} g5 33. Rca2 Ba5 34. Bxc5 Rb3 35. Bf2) 32... Rb3 33. Bxb4 ({Better is} 33. Rcb2 $16 Rxb2 34. Rxb2) 33... Rxb4 $11 34. Rd2 Rc7 35. Kd3 Kg7 36. Kc3 Kf6 37. Rd1 g5 38. Raa1 Ke5 39. Rd8 g4 40. Rf8 gxf3 $1 41. gxf3 Rd7 42. Re1 $1 Ra4 $1 43. f4+ Kd6 44. Rd1+ Ke7 45. Rxd7+ Kxf8 46. Kb3 Rb4+ 47. Kc3 Ra4 48. f5 exf5 49. exf5 Ra3+ 50. Kd2 Rh3 $2 (50... h5 $11 {and Black has nothing to worry.}) 51. Rxa7 $18 Rxh2+ $2 (51... h5 52. Rb7 Rxh2+ 53. Kd3 h4) 52. Kd3 $18 Rh4 53. Rd7 h5 54. Rd6 Ke7 $2 (54... Rh1 55. Rxb6 h4) 55. Rxb6 $18 Rd4+ 56. Kc3 Rf4 57. f6+ Kd7 $2 (57... Kf7 58. Rc6 Rf3+ 59. Kb2 h4) 58. Rb7+ $18 Kd6 59. Rh7 Rxf6 60. Rxh5 Rf3+ 61. Kc2 Rf2+ 62. Kd3 (62. Kb3 $142 Rf1 63. Rd5+ Kc7 64. Rxc5+ Kb7 65. Rc6) 62... Rf3+ $18 63. Ke4 1-0

[Event "13th Palmanova Festival A 2024"]
[Site "Palmanova"]
[Date "2024.12.29"]
[Round "4.7"]
[White "Gkoumas, Georgios"]
[Black "Skrbec, Leon"]
[Result "1/2-1/2"]
[ECO "B11"]
[WhiteElo "2449"]
[BlackElo "2265"]
[Annotator "TA"]
[PlyCount "59"]
[EventDate "2024.12.27"]
[EventCountry "ITA"]
[SourceTitle "playchess.com"]
[Source "ChessBase"]
[SourceQuality "1"]
[TimeControl "6000+30"]

1. e4 c6 2. Nf3 d5 3. Nc3 Bg4 4. d4 e6 5. Be2 Nd7 6. O-O dxe4 7. Nxe4 Ngf6 8. Nxf6+ Nxf6 9. Re1 Be7 10. c3 O-O 11. h3 Bxf3 12. Bxf3 Qc7 13. g3 Rfd8 14. Qe2 h6 15. Kg2 Rd7 16. Bd2 Rad8 17. Rad1 a6 18. Bc1 Nd5 19. h4 b5 20. Qc2 c5 21. dxc5 Qxc5 22. Re4 {[%emt 0:04:33] Prevents Nb4} Bf6 23. a4 Qb6 24. axb5 axb5 25. Rg4 Kh8 26. Qb3 Qc5 27. Re4 Kg8 28. Rg4 Kh8 29. Re4 Kg8 30. Rg4 1/2-1/2

[Event "13th Palmanova Festival A 2024"]
[Site "Palmanova"]
[Date "2024.12.29"]
[Round "4.8"]
[White "Hovhannisyan, Mher"]
[Black "Adharsh K"]
[Result "1/2-1/2"]
[ECO "B22"]
[WhiteElo "2397"]
[BlackElo "2235"]
[Annotator "TA"]
[PlyCount "38"]
[EventDate "2024.12.27"]
[EventCountry "ITA"]
[SourceTitle "playchess.com"]
[Source "ChessBase"]
[SourceQuality "1"]
[TimeControl "6000+30"]

1. e4 c5 2. c3 d5 3. exd5 Qxd5 4. d4 Nf6 5. Nf3 Nc6 6. Be2 e6 7. O-O Be7 8. c4 Qd8 9. dxc5 O-O 10. Nc3 Bxc5 11. a3 b6 12. b4 Be7 13. Qc2 Bb7 14. Bb2 Qc7 15. Rfd1 Rad8 16. g3 h6 17. Nb5 Qb8 18. Nbd4 Qc7 19. Nb5 Qb8 1/2-1/2

[Event "13th Palmanova Festival A 2024"]
[Site "Palmanova"]
[Date "2024.12.29"]
[Round "4.9"]
[White "Lekic, Dusan"]
[Black "Domalchuk-Jonasson, Aleksandr"]
[Result "1/2-1/2"]
[ECO "A50"]
[WhiteElo "2287"]
[BlackElo "2377"]
[Annotator "TA"]
[PlyCount "39"]
[EventDate "2024.12.27"]
[EventCountry "ITA"]
[SourceTitle "playchess.com"]
[Source "ChessBase"]
[SourceQuality "1"]
[TimeControl "6000+30"]

1. d4 e6 2. c4 b6 3. Nc3 Bb7 4. a3 Nf6 5. d5 Bd6 6. Nf3 O-O 7. g3 c6 8. Bg5 exd5 9. cxd5 {[%emt 0:00:23] The position is equal.} cxd5 10. Bg2 Na6 11. Nxd5 Bxd5 12. Bxf6 Qxf6 13. Qxd5 Qxb2 14. O-O Qf6 15. Rfd1 Be7 16. Nd4 Bc5 {[%emt 0:08:08] Black is weak on the light squares} 17. e3 $36 {[%emt 0:02:56][%mdl 3072] White has compensation. White has some pressure. Active counter play!} (17. Qxd7 $2 {is the wrong capture.} Rad8 18. Qxa7 Bxd4 $19) 17... Rad8 (17... Bxd4 $11 {is more appropriate.} 18. Qxd4 (18. exd4 Rae8 $14) 18... Qxd4 19. Rxd4 d5 20. Bxd5 (20. Rxd5 Nc5 $11) 20... Rad8) 18. Qb7 {[%emt 0:05:52][%csl LRa6,LRa7] White is slightly better.} Nb8 19. Nb3 Be7 20. Qxa7 {[%emt 0:15:42] Weighted Error Value: White=0.03 (flawless) /Black=0.08 (flawless) .  Mistake:       	---       	Black=1      OK:         	White=8     	Black=4      Best:        	White=1     	Black=1} 1/2-1/2

[Event "13th Palmanova Festival A 2024"]
[Site "Palmanova"]
[Date "2024.12.29"]
[Round "4.10"]
[White "Solomon, Kenny"]
[Black "Kalosha, Zhiulien Oleksii"]
[Result "1/2-1/2"]
[ECO "E09"]
[WhiteElo "2277"]
[BlackElo "2306"]
[Annotator "RC"]
[PlyCount "140"]
[EventDate "2024.12.27"]
[EventCountry "ITA"]
[SourceTitle "playchess.com"]
[Source "ChessBase"]
[SourceQuality "1"]
[TimeControl "6000+30"]

1. d4 d5 2. Nf3 e6 3. c4 c6 4. Nbd2 Nf6 5. g3 b6 6. Bg2 Bb7 7. O-O Nbd7 8. b3 Be7 9. Bb2 O-O 10. Qc2 c5 11. dxc5 Nxc5 12. Rad1 Rc8 13. Qb1 h6 14. Qa1 Qe8 15. cxd5 Bxd5 16. Rc1 Qb5 17. Rfd1 Qa6 18. Bf1 Qb7 19. Ne5 Rfd8 20. Ndf3 a5 21. Nd4 a4 22. b4 Ncd7 23. Nxd7 Rxd7 24. Rxc8+ Qxc8 25. Rc1 Rc7 26. Rxc7 Qxc7 27. a3 Ne4 28. Qd1 Qd7 29. Nf3 f6 30. Bh3 b5 31. Qd3 Bd8 32. Nd4 Nd6 33. Bc1 Bb6 34. Be3 Nc4 35. Nc2 Nxe3 36. Nxe3 Bc6 37. Qxd7 Bxd7 38. Nc2 Kf7 39. Kf1 Ke7 40. Ke1 Kd6 41. Bg2 Be8 42. e3 f5 43. Kd2 e5 44. Kc3 e4 45. Nd4 Ke5 46. Bf1 Bxd4+ 47. exd4+ Kd5 48. Be2 g5 49. f4 exf3 50. Bxf3+ Kd6 51. Kd3 Bc6 52. Be2 f4 53. gxf4 gxf4 54. Bh5 Bg2 55. Bf7 Ke7 56. Bg6 Ke6 57. Bh7 Bd5 58. Bg8+ Kd6 59. Bh7 Ba2 60. Kd2 Bc4 61. Be4 Ke6 62. Bf3 Kf5 63. Ke1 Bd3 64. Kf2 Be4 65. h3 Bd3 66. Bc6 Bc2 67. Kf3 Bd1+ 68. Kf2 Bc2 69. Kf3 Bd1+ 70. Kf2 Bc2 1/2-1/2

[Event "13th Palmanova Festival A 2024"]
[Site "Palmanova"]
[Date "2024.12.29"]
[Round "4.11"]
[White "Gregoric, Andraz"]
[Black "Javornik, Nik"]
[Result "1/2-1/2"]
[ECO "B30"]
[WhiteElo "2265"]
[BlackElo "2300"]
[Annotator "RC"]
[PlyCount "97"]
[EventDate "2024.12.27"]
[EventCountry "ITA"]
[SourceTitle "playchess.com"]
[Source "ChessBase"]
[SourceQuality "1"]
[TimeControl "6000+30"]

1. e4 c5 2. Nf3 Nc6 3. Bb5 e5 4. O-O Bd6 5. Bxc6 dxc6 6. a4 g5 7. d3 g4 8. Nfd2 Ne7 9. Nc4 Be6 10. Nba3 Bc7 11. Be3 b6 12. Qd2 Ng6 13. Bg5 f6 14. Bh6 Rg8 15. f3 Qe7 16. Ne3 gxf3 17. Rxf3 O-O-O 18. Qf2 Nf4 19. Kh1 Rg6 20. Qh4 Rdg8 21. Raf1 Kb7 22. g3 Rg4 23. Nxg4 Rxg4 24. Bf8 Qxf8 25. Qxh7 Rg7 26. Qh4 Bg4 27. gxf4 Bxf3+ 28. Rxf3 exf4 29. Nc4 Qg8 30. Qf2 Qh7 31. Qf1 Rg3 32. Nd2 Qh5 33. Rxg3 fxg3 34. h3 a6 35. Kg2 b5 36. Qf3 Qg5 37. Qe2 Qe5 38. axb5 axb5 39. b3 Qb2 40. Nf3 Bf4 41. Qd1 Kb6 42. h4 Qc3 43. Qe2 Ka5 44. h5 Kb4 45. Qe1 Qxe1 46. Nxe1 Kc3 47. Kf3 Bd2 48. Ke2 Bh6 49. Kd1 1/2-1/2

[Event "13th Palmanova Festival A 2024"]
[Site "Palmanova"]
[Date "2024.12.29"]
[Round "4.12"]
[White "Rossi, Gabriele Valerio"]
[Black "Skawinski, Arkadiusz"]
[Result "1/2-1/2"]
[ECO "E04"]
[WhiteElo "2007"]
[BlackElo "2330"]
[Annotator "TA"]
[PlyCount "26"]
[EventDate "2024.12.27"]
[EventCountry "ITA"]
[SourceTitle "playchess.com"]
[Source "ChessBase"]
[SourceQuality "1"]
[TimeControl "6000+30"]

1. d4 d5 2. c4 e6 3. g3 Nf6 4. Bg2 dxc4 5. Nf3 c5 6. O-O Nc6 7. dxc5 Qxd1 8. Rxd1 Bxc5 9. Nbd2 Ke7 (9... c3 $11 10. bxc3 O-O) 10. Nxc4 $14 Bd7 11. Be3 ({White should play} 11. Nfe5 $16) 11... Bxe3 $11 12. Nxe3 Rhd8 13. Nc4 Be8 1/2-1/2

[Event "13th Palmanova Festival A 2024"]
[Site "Palmanova"]
[Date "2024.12.29"]
[Round "4.13"]
[White "Stankovic, Milos"]
[Black "Tejaswini G"]
[Result "1/2-1/2"]
[ECO "D00"]
[WhiteElo "2462"]
[BlackElo "2211"]
[Annotator "TA"]
[PlyCount "70"]
[EventDate "2024.12.27"]
[EventCountry "ITA"]
[SourceTitle "playchess.com"]
[Source "ChessBase"]
[SourceQuality "1"]
[TimeControl "6000+30"]

1. d4 Nf6 2. Bg5 g6 3. Bxf6 exf6 4. e3 Bg7 5. c4 d5 6. Nc3 dxc4 7. Bxc4 O-O 8. Nge2 Nd7 9. h4 c5 {[%emt 0:11:06] The position is equal.} 10. h5 cxd4 (10... f5 $11) 11. Qxd4 {[%emt 0:03:54] White is more active.} (11. hxg6 $14 hxg6 12. Qxd4 (12. Nxd4 f5 $11)) 11... f5 $11 12. Qf4 g5 13. Qxf5 Ne5 14. Qe4 {[%emt 0:00:21] Strongly threatening Rd1.} Nxc4 15. Qxc4 Be6 16. Qb4 h6 17. Rd1 Qc8 18. Nd4 Bc4 19. Ne4 Bd5 {[%emt 0:07:53] A strong pair of Bishops.} 20. Ng3 (20. Qe7 $11 Kh8 (20... Bxa2 21. O-O $14) 21. Nxg5) 20... Bxg2 $17 (20... Bxa2 21. Ngf5 Qc4 22. Qa5 $14 (22. Qxb7 Rab8 $15)) 21. Ngf5 {[%emt 0:00:45] [#] Ne7+ is the strong threat.} Qc7 (21... Bxh1 22. Ne7+ Kh7 23. Nxc8 Raxc8 24. Ke2 $18) (21... Kh7 $1 $17 22. Rg1 Bxd4 23. Qxd4 Qxf5 24. Rxg2 Rad8) 22. Rg1 (22. Qe7 $1 $11 Qxe7 23. Nxe7+ Kh7 24. Rh2) 22... Qh2 $36 {[%emt 0:03:19][%csl LRg1,LRh5][%mdl 2048] Black is more active.} 23. Ne2 (23. Rxg2 $15 Qxg2 (23... Qh1+ 24. Ke2 $11) 24. Nxg7 Kxg7 (24... Qg1+ $2 25. Ke2 $19) 25. Nf5+ Kh7 26. Rd6 Qh1+ 27. Ke2 Qxh5+ 28. f3) 23... Rad8 (23... Bf3 $17 24. Qc5 Bxe2 (24... Bxb2 $2 25. Nxh6+ Kh8 26. Qxg5 $18) (24... Bxh5 25. Rd6 $17) (24... Qxh5 25. Nxg7 Kxg7 26. Nf4 $17) 25. Nxh6+ Bxh6 26. Rxg5+ Kh8 (26... Bxg5 27. Qxg5+ Kh7 28. Kxe2 $11) 27. Kxe2 Rac8 (27... Bxg5 28. Qxg5 Kh7 29. Rd7 $11) 28. Qe5+ Qxe5 29. Rxe5 Bg7) 24. Rxd8 $1 $11 Rxd8 25. Qe7 {[%emt 0:00:26] Dancing on a razor blade.} Rf8 26. Nxg7 Kxg7 27. Qd7 {[%emt 0:01:04] Against Rc8} (27. Kd2 $15) 27... Bf3 $1 $19 {[%emt 0:02:14][%cal Of3e2] White must now prevent ...Bxe2!} 28. Rg3 Bxe2 ({Weaker is} 28... Bxh5 29. Rh3 $16 (29. Qxb7 Re8 $17) (29. Qxb7 Re8 $17)) 29. Kxe2 Qxh5+ {[%emt 0:00:17][%mdl 4096] Endgame. KQR-KQR} 30. Rf3 Qg6 {[%emt 0:01:27] Wards off e4} 31. Qxb7 Rd8 32. Qb3 {[%emt 0:00:22] Inhibits Qd3+.} h5 (32... Qa6+ $17 33. Ke1 f6) 33. Kf1 {[%emt 0:01:43] [#]} (33. Qc3+ $1 $11 Kg8 34. Rf6) 33... h4 (33... Qe6 $1 $17 {...Qxb3 would now be deadly.} 34. Qxe6 fxe6) 34. Qc3+ $1 $11 Kg8 {[%emt 0:00:32] aiming for ...Qe4.} 35. Qf6 (35. Qe5 $11) 35... Qxf6 {[%emt 0:01:28] Weighted Error Value: White=0.30/Black=0.24 (precise) .  Mistake:       	White=7     	Black=5      Inaccurate:     	White=2     	---        OK:         	White=9     	Black=5      Best:        	White=3     	Black=5      Strong:       	White=2     	Black=1} 1/2-1/2

[Event "13th Palmanova Festival A 2024"]
[Site "Palmanova"]
[Date "2024.12.29"]
[Round "4.14"]
[White "Mazzini, Mauro"]
[Black "Maglioni, Leonardo"]
[Result "0-1"]
[ECO "B59"]
[WhiteElo "2069"]
[BlackElo "1971"]
[Annotator "NA RC"]
[PlyCount "66"]
[EventDate "2024.12.27"]
[EventCountry "ITA"]
[SourceTitle "playchess.com"]
[Source "ChessBase"]
[SourceQuality "1"]
[TimeControl "6000+30"]

1. e4 c5 2. Nf3 d6 3. d4 cxd4 4. Nxd4 Nf6 5. Nc3 Nc6 6. Be2 e5 7. Nb3 Be7 8. Be3 O-O 9. Qd2 a5 10. a3 a4 11. Nc1 Be6 12. N1a2 d5 13. exd5 Nxd5 14. Nxd5 Qxd5 15. Qxd5 Bxd5 16. f3 Nd4 17. Bd3 Rfc8 18. Nc3 Bc4 19. O-O-O Be6 20. Be4 Rxc3 21. Bxd4 exd4 22. bxc3 Bxa3+ 23. Kd2 dxc3+ 24. Kxc3 Rc8+ 25. Kd3 b5 26. Rb1 Be7 27. c3 f5 28. Bb7 Bc4+ 29. Kc2 Rc7 30. Ba8 b4 31. Rhd1 b3+ 32. Kc1 a3 33. Rd4 a2 0-1